 Dungeon Crawl Stone Soup version 0.22-a0-142-g91cc6d7 (webtiles) character file.

9 Alarkh the Skirmisher (level 2, 22/24 HPs)
             Began as a Demonspawn Fighter on Feb 5, 2018.
             Got out of the dungeon alive.
             The game lasted 00:00:19 (411 turns).

Alarkh the Skirmisher (Demonspawn Fighter)           Turns: 411, Time: 00:00:19

Health: 22/24      AC:  6    Str: 16    XL:     2   Next: 6%
Magic:  2/2        EV:  6    Int:  9    God:
Gold:   15         SH:  8    Dex: 12    Spells: 1/1 levels left

rFire    . . .     SeeInvis .   a - +0 long sword
rCold    . . .     Gourm    .   c - +0 shield
rNeg     . . .     Faith    .   b - +0 scale mail
rPois    .         Spirit   +   (no helmet)
rElec    .         Reflect  .   (no cloak)
rCorr    .         Harm     .   (no gloves)
MR       .....                  (no boots)
Stlth    ..........             (no amulet)
HPRegen  0.08/turn              (no ring)
MPRegen  0.08/turn              (no ring)

@: no status effects
A: magic shield
a: no special abilities


You escaped.
You were not hungry.

You visited 1 branch of the dungeon, and saw 1 of its levels.

You collected 15 gold pieces.

Inventory:

Hand Weapons
 a - a +0 long sword (weapon)
Armour
 b - a +0 scale mail (worn)
 c - a +0 shield (worn)
Scrolls
 e - a scroll of identify {unknown}
Potions
 d - a potion of might
Comestibles
 f - 2 rations
 g - a chunk of flesh


   Skills:
 - Level 3.0 Fighting
 + Level 2.5 Long Blades
 - Level 2.6 Armour
 - Level 2.6 Shields


You had one spell level left.
You didn't know any spells.

Dungeon Overview and Level Annotations

Branches:
Dungeon (1/15)

Altars:


Innate Abilities, Weirdness & Mutations

When hurt, damage is shared between your health and your magic reserves.


Message History

You hit the giant cockroach but do no damage.
The giant cockroach bites you but does no damage. x2
You barely miss the giant cockroach.
The giant cockroach bites you but does no damage.
The giant cockroach barely misses you.
You hit the giant cockroach.
The giant cockroach is severely wounded.
The giant cockroach bites you.
You hit the giant cockroach.
You kill the giant cockroach!
No target in view!
No target in view!
No target in view!
No target in view!
Found a bubbling white potion.
Found a ration.
Some of the chunks of flesh in your inventory have rotted away.
There is a staircase leading out of the dungeon here.
Are you sure you want to leave the Dungeon?
This will make you lose the game!
You have escaped!

#######.###
.#........##############
##................≈≈≈≈≈≈≈≈#
.##....#............≈≈≈≈≈≈#
....#..#...≈≈≈≈.......[≈≈≈#
.##.#.....≈≈..≈≈≈≈......≈≈#
..#.#.....≈..≈≈≈≈.≈≈.....≈#
....#......≈≈≈≈≈≈≈≈≈.....≈#
.....#....≈..≈≈≈@≈≈......≈#
..)..##....≈≈.≈.≈≈......≈≈#
.....##.....≈≈≈.≈......≈≈≈#
.............≈......≈≈≈≈≈≈#
..#.....##.......≈≈≈≈≈≈≈≈≈#
###########################


There were no monsters in sight!

Vanquished Creatures
  A dart slug (D:1)
  2 giant cockroaches (D:1)
  A goblin (D:1)
  A hobgoblin (D:1)
  A frilled lizard (D:1)
  A rat (D:1)
7 creatures vanquished.

Notes
Turn   | Place    | Note
-------+----------+-------------------------------------------
     0 | D:1      | Alarkh the Demonspawn Fighter began the quest for the Orb.
     0 | D:1      | Reached XP level 1. HP: 18/18 MP: 1/1
   343 | D:1      | Gained mutation: When hurt, damage is shared between your health and your magic reserves. [demonic ancestry]
   343 | D:1      | Reached XP level 2. HP: 18/24 MP: 2/2
   411 | D:$      | Got out of the dungeon alive.

Vault maps used:
D:1:      dpeg_arrival_more_subterranean_lakeside_camping

Skill      XL: |  1 |
---------------+----+-----
Long Blades    | 2 |  2.5
Fighting       | |  3.0
Armour         | |  2.6
Shields        | |  2.6

Action                   || total
-------------------------++-------
Melee: Long sword        ||    27
Armor: Scale mail        ||     9
Dodge: Dodged            ||     4
Block: Shield            ||     8
       Rpst.: Long sword ||     2

Table legend:
 A = Spawn XP
 B = Non-spawn XP
 C = Spawn XP percentage of total XP
 D = Spawn monster count
 E = Non-spawn monster count
 F = Spawn count percentage of total count
 G = Total turns spent on level
                    A         B        C        D         E        F      G
               +---------+---------+-------+---------+---------+-------+---------
         Total |       0 |      14 |   0.0 |       0 |       7 |   0.0 |   411
               +---------+---------+-------+---------+---------+-------+---------
           D:1 |       0 |      14 |   0.0 |       0 |       7 |   0.0 |   411
               +---------+---------+-------+---------+---------+-------+---------
